 Dungeon Crawl Stone Soup version 0.28-a0-845-gfc338a8e3c (webtiles) character file.

Game seed: 10058436596373376196

25 flotson the Sneak (level 2, -3/24 HPs)
             Began as a Demonspawn Delver on Nov 12, 2021.
             Shot with an arrow by a centaur (7 damage)
             ... on level 5 of the Dungeon.
             The game lasted 00:00:39 (186 turns).

flotson the Sneak (Demonspawn Delver)                Turns: 186, Time: 00:00:40

Health: -3/24      AC:  3    Str: 12    XL:     2   Next: 86%
Magic:  2/2        EV: 12    Int: 11    God:
Gold:   0          SH:  0    Dex: 14    Spells: 1/1 levels left

rFire   . . .      SeeInvis .   a - +0 hand axe
rCold   . . .      Faith    .   (no shield)
rNeg    . . .      Spirit   .   b - +0 leather armour
rPois   .          Reflect  .   (no helmet)
rElec   .          Harm     .   (no cloak)
rCorr   .          Rampage  .   (no gloves)
Will    .....                   (no boots)
Stlth   ++........              (no amulet)
HPRegen 0.08/turn               (no ring)
MPRegen 0.08/turn               (no ring)

@: no status effects
A: demonic magic 1
a: no special abilities


You were on level 5 of the Dungeon.
You visited 2 branches of the dungeon, and saw 2 of its levels.

Inventory:

Hand Weapons
 a - a +0 hand axe (weapon)
Armour
 b - a +0 leather armour (worn)
Wands
 g - a wand of digging (3)
Scrolls
 c - 2 scrolls of fog
 h - a scroll of identify {unknown}


   Skills:
 + Level 3.4 Fighting
 - Level 1.7 Axes
 + Level 1.1 Armour
 + Level 2.2 Dodging
 - Level 4.5 Stealth


You had one spell level left.
You didn't know any spells.
Your spell library was empty.

Dungeon Overview and Level Annotations

Branches:
Dungeon (5/15)             Temple (1/1) D:5

Altars:
Fedhas
Gozag
Qazlal
Wu Jian


Innate Abilities, Weirdness & Mutations

Spells you cast may paralyse adjacent enemies.


Message History

Something tries to affect you, but you resist.
Found a staircase to the Ecumenical Temple.
A centaur comes into view.
The centaur shouts!
There is a staircase to the Ecumenical Temple here.
The centaur wields a +0 shortbow.
The centaur shoots an arrow.
The arrow hits you.
You climb downwards.
Welcome to the Ecumenical Temple!
Reactivating autopickup.
Found a blossoming altar of Fedhas.
There is a staircase back to the Dungeon here.
Your extra speed is starting to run out.
You feel yourself slow down.
HP restored.
Found a stormy altar of Qazlal and an opulent altar of Gozag.
Found an ornate altar of the Wu Jian Council.
There is an opulent altar of Gozag here.
You kneel at the altar of Gozag.
Gozag does not accept service from beggars like you!
The service fee for joining is currently 9 gold; you have none.
Unknown command.
Press < or > to pray at altars.
(D) Dungeon (T) Temple
Where to? (? - help)
There is a staircase back to the Dungeon here.
You climb upwards.
The centaur shoots an arrow.
The arrow barely misses you.
The centaur shoots an arrow.
The arrow hits you!
There is a staircase to the Ecumenical Temple here.
Unknown command.
Unknown command.
As you read the scroll of fear, it crumbles to dust.
You assume a fearsome visage.
The centaur looks frightened!
The centaur moans, "Oh dear!
Oh dear!"
A shadow imp comes into view.
Cornered, the centaur turns to fight!
The centaur shoots an arrow.
The arrow hits you!
* * * LOW HITPOINT WARNING * * *
The shadow imp shouts, "Escape, thou defiled toad-spotted gudgeon!"
The centaur shoots an arrow.
The arrow hits you!
You die...

*,,,,,,,,,,,,,*,,,,****,,,,
*,,,......***,,,.#,,,*,,,,,
*,,,,.....* ***...,,,,,,,>,
*,,,,,....#####.#****,,,,,,
*,,,,,,...#c....###**,,,,,,
********..#.......,,,,,,,,,
*#.#.....###****,,,,
#..........,,,,,,,,
#5@....#**##*,,,,,,
##....###..#,,*,***
##.....#..#.**,,,,
##...#......,,,,,,
###......#....,,,***
#....P.P......,,** *
##.#..>.......,,****
#...P.P......,,,,,,
###...........,,*,,,


You could see a centaur and a shadow imp.

Vanquished Creatures
  A centaur skeleton (D:5)
1 creature vanquished.

Notes
Turn   | Place    | Note
-------+----------+-------------------------------------------
     0 | D:5      | flotson the Demonspawn Delver began the quest for the Orb.
     0 | D:5      | Reached XP level 1. HP: 18/18 MP: 1/1
    23 | D:5      | Reached skill level 1 in Armour
    23 | D:5      | Gained mutation: Spells you cast may paralyse adjacent
                  | enemies. [demonic ancestry]
    23 | D:5      | Reached XP level 2. HP: 17/24 MP: 2/2
    36 | D:5      | Found a staircase to the Ecumenical Temple.
    42 | D:5      | Noticed a centaur
    44 | Temple   | Entered the Ecumenical Temple
   186 | D:5      | Shot with an arrow by a centaur

Illustrated notes

Levels and vault maps discovered:
D:5:      layout_rooms, minmay_temple_entry_trees, uniq_eustachio
Temple:   eino_wide_crystal_templ

Skill      XL: |  1 |
---------------+----+-----
Armour         | 1 |  1.1
Dodging        | 2 |  2.2
Fighting       | |  3.4
Axes           | |  1.7
Stealth        | |  4.5

Action                   || total
-------------------------++-------
Melee: Hand axe          ||     6
  Use: Potion            ||     1
       Scroll            ||     2
Armor: Leather armour    ||     5
Dodge: Dodged            ||     6

Table legend: (Time is in decaauts)
 A = Elapsed time spent in this place.
 B = Non-inter-level travel time spent in this place.
 C = Inter-level travel time spent in this place.
 D = Time resting spent in this place.
 E = Time spent auto-exploring this place.
 F = Levels seen in this place.
 G = Mean time per level.
                   A        B        C        D        E       F      G
               +--------+--------+--------+--------+--------+-----+--------+
         Total |    171 |    164 |      7 |      0 |    126 |   2 |   85.5 |
       Dungeon |     42 |     42 |      0 |      0 |     10 |   1 |   42.0 |
        Temple |    129 |    122 |      7 |      0 |    116 |   1 |  129.0 |
               +--------+--------+--------+--------+--------+-----+--------+

Top non-repeatable levels by time:
  Temple: 129 daAuts
     D:5: 42 daAuts
